 Dungeon Crawl Stone Soup version 0.26-a0-597-gb535b0901c (webtiles) character file.

Game seed: 268710633709141462

38264 Lanoc the Frost Mage (level 14, -4/106 HPs)
             Began as a Gnoll Ice Elementalist on Sept 15, 2020.
             Was a High Priest of Qazlal.
             Shot with a bolt by an orc warrior (25 damage)
             ... on level 2 of the Orcish Mines.
             The game lasted 00:36:57 (19921 turns).

Lanoc the Frost Mage (Gnoll Ice Elementalist)      Turns: 19921, Time: 00:36:57

Health: -4/106     AC:  8    Str: 10    XL:     14   Next: 1%
Magic:  24/28      EV: 20    Int: 33    God:    Qazlal [*****.]
Gold:   1127       SH: 21    Dex: 24    Spells: 17/33 levels left

rFire    . . .     SeeInvis .   b - staff of cold
rCold    + . .     Faith    .   J - +2 kite shield
rNeg     . . .     Spirit   .   O - +4 robe of Obyhojew {rPois Int+6 Dex+6}
rPois    +         Reflect  .   I - +2 hat
rElec    +         Harm     .   (no cloak)
rCorr    .                      (no gloves)
MR       +....                  (no boots)
Stlth    ++........             (no amulet)
HPRegen  0.27/turn              L - +4 ring of slaying
MPRegen  0.21/turn              r - ring of Gameodo {rElec Int+6}

@: repel missiles
A: distributed training, fangs 1, strong nose
a: Upheaval, Elemental Force, Disaster Area, Renounce Religion


You were on level 2 of the Orcish Mines.
You worshipped Qazlal.
Qazlal was extremely pleased with you.
You visited 3 branches of the dungeon, and saw 18 of its levels.
You also visited: Sewer.

You collected 1127 gold pieces.

Inventory:

Hand Weapons
 a - a +4 scimitar of flaming
Armour
 I - a +2 hat (worn)
 J - a +2 kite shield (worn)
 O - the +4 robe of Obyhojew (worn) {rPois Int+6 Dex+6}
   (You found it on level 14 of the Dungeon)

   It affects your intelligence (+6).
   It affects your dexterity (+6).
   It protects you from poison.
Magical Staves
 b - an uncursed staff of cold (weapon)
Jewellery
 r - the ring of Gameodo (right hand) {rElec Int+6}
   (You found it on level 4 of the Dungeon)

   [ring of intelligence]

   It affects your intelligence (+6).
   It insulates you from electricity.
 y - an uncursed ring of protection from cold
 H - an uncursed ring of resist corrosion
 L - a +4 ring of slaying (left hand)
 M - a +6 ring of intelligence
Wands
 p - a wand of flame (8)
 w - a wand of acid (26)
 C - a wand of enslavement (5)
 E - a wand of polymorph (10)
 K - a wand of paralysis (9)
Scrolls
 e - 5 scrolls of identify
 g - 8 scrolls of magic mapping
 k - 4 scrolls of teleportation
 l - 4 scrolls of fear
 m - 4 scrolls of enchant armour
 n - 4 scrolls of immolation
 o - 7 scrolls of remove curse
 q - a scroll of enchant weapon
 z - 4 scrolls of amnesia
 F - a scroll of fog
Potions
 c - 2 potions of brilliance
 d - 3 potions of might
 h - a potion of stabbing
 j - a potion of magic
 s - 2 potions of degeneration
 t - a potion of ambrosia
 v - 2 potions of cancellation
 x - a potion of invisibility
 A - 2 potions of mutation
 B - 2 potions of berserk rage
 N - a potion of lignification


   Skills:
 + Level 8.8 Fighting
 + Level 8.8 Short Blades
 + Level 8.8 Long Blades
 + Level 8.8 Axes
 + Level 8.8 Maces & Flails
 + Level 8.8 Polearms
 + Level 8.8 Staves
 + Level 8.8 Slings
 + Level 8.8 Bows
 + Level 8.8 Crossbows
 + Level 8.8 Throwing
 + Level 8.8 Armour
 + Level 9.9 Dodging
 + Level 9.7 Stealth
 + Level 8.8 Shields
 + Level 8.8 Unarmed Combat
 + Level 10.1 Spellcasting
 + Level 7.3 Conjurations
 + Level 7.3 Hexes
 + Level 7.3 Summonings
 + Level 7.3 Necromancy
 + Level 7.3 Translocations
 + Level 7.3 Transmutations
 + Level 7.3 Fire Magic
 + Level 10.2 Ice Magic
 + Level 7.3 Air Magic
 + Level 7.3 Earth Magic
 + Level 7.3 Poison Magic
 + Level 9.6 Invocations
 + Level 8.8 Evocations


You had 17 spell levels left.
You knew the following spells:

 Your Spells              Type           Power        Failure   Level
a - Freeze                Ice            ####         1%          1
b - Frozen Ramparts       Ice            ######       1%          3
c - Mephitic Cloud        Conj/Pois/Air  ######..     1%          3
d - Lee's Rapid Deconstr  Erth           ######....   9%          5
e - Hailstorm             Conj/Ice       #######.     1%          4

Your spell library contained the following spells:

 Spells                   Type           Power        Failure   Level
 Sandblast                Erth           ######       1%          1
 Sting                    Tmut/Pois      ####         1%          1
 Passwall                 Tmut/Erth      ######..     1%          2
 Poisonous Vapours        Pois/Air       ######       1%          2
 Confusing Touch          Hex            ######..     1%          3
 Gell's Gravitas          Tloc           ######....   1%          3
 Ignite Poison            Fire/Tmut/Pois ######..     1%          3
 Ozocubu's Armour         Ice            #######.     1%          3
 Stone Arrow              Conj/Erth      ######       1%          3
 Summon Ice Beast         Ice/Summ       #######.     1%          4
 Olgreb's Toxic Radiance  Pois           ######..     3%          4
 Petrify                  Tmut/Erth      ######..     3%          4
 Metabolic Englaciation   Hex/Ice        #######...   4%          5
 Yara's Violent Unravell  Hex/Tmut       ######....   9%          5


Dungeon Overview and Level Annotations

Branches:
Dungeon (15/15)            Temple (1/1) D:6             Orc (2/2) D:12
 Depths (0/5) D:15          Sewer (visited)
   Lair: D:8-11         Elf: Orc:2       Vaults: D:13-14

Altars:
Ashenzari
Cheibriados
Dithmenos
Elyvilon
Fedhas
Gozag
Hepliaklqana
Kikubaaqudgha
Makhleb
Nemelex Xobeh
Okawaru
Qazlal
Ru
Sif Muna
Trog
Uskayaw
Vehumet
Wu Jian
Xom
Yredelemnul
Zin
The Shining One

Shops:
D:4 *   D:6 ?

Annotations:
D:11 Fannar


Innate Abilities, Weirdness & Mutations

Your experience applies equally to all skills.
You have very sharp teeth.
Your uncanny sense of smell can sniff out nearby items.


Message History

An orc comes into view. It is wielding a +0 mace.
The centaur shoots an arrow.
You block the arrow.
The orc warrior shoots a bolt.
You block the bolt.
The orc warrior unwields a +0 broad axe.
The orc warrior wields a +0 arbalest.
The orc warrior shoots a bolt.
The bolt hits you!!
* * * LOW HITPOINT WARNING * * *
The centaur shoots an arrow.
You block the arrow.
An orc warrior comes into view. It is wielding a +0 broad axe.
A centaur comes into view.
There is a stone staircase leading up, spattered with blood here.
Things that are here:
5 bolts; 15 arrows You hear a shout!
The centaur shoots an arrow.
You block the arrow.
The centaur shoots an arrow.
The arrow completely misses you.
The arrow hits the centaur!
The centaur shoots an arrow.
You block the arrow.
The centaur shoots an arrow.
The arrow completely misses you.
The orc warrior shoots a bolt.
You block the bolt.
The orc warrior shoots a bolt.
The bolt hits you!!
You die...

................##.....#.
.........................
.........................
.........................
................(........
...........((((..(......
........§((..($.....
.......c()°§.......
.....c§°@...(.....
...c.c..☼○(...$..
........○°°($....
o......○.°.(c.##
......)..))..o.#
........oo......
co.....c.....oo.
o.###...##..##.. #≈≈. ...
..


You could see an orc knight, 5 orc warriors, 7 centaurs, an orc priest and an
orc.

Vanquished Creatures
  Jorgrun (D:12)
  Azrael (D:14)
  Josephine (D:11)
  A fire dragon (D:13)
  Erolcha (D:11)
  3 centaur warriors
  4 two-headed ogres
  A shadow wraith (D:13)
  A sea snake (shapeshifter) (D:13)
  12 ugly things
  2 cyclopes
  3 manticores
  A centaur zombie (D:12)
  Joseph (D:9)
  Psyche (D:11)
  A kobold demonologist (D:13)
  A gargoyle (D:14)
  An efreet (D:13)
  A komodo dragon (D:11)
  5 trolls
  Prince Ribbit (D:9)
  A hippogriff (D:7)
  10 slime creatures
  A tarantella (shapeshifter) (D:13)
  3 shadows
  3 wyverns
  The ghost of Tenar the Scratcher, an amateur FeFi (D:4)
  6 wraiths
  15 yaks
  2 fire elementals (D:14)
  Grum (D:9)
  A warg (D:12)
  2 acid dragons (D:11)
  2 hell hounds (D:14)
  A hornet zombie (D:14)
  4 ice beasts
  12 orc warriors
  5 sky beasts
  10 ogres
  7 phantoms
  2 necrophages
  2 wolves (D:9)
  A centaur (shapeshifter) (D:13)
  10 centaurs
  2 crocodiles
  2 big kobolds
  9 bullfrogs
  A wyvern zombie (D:11)
  A water moccasin skeleton (D:7)
  3 scorpions
  2 wyvern skeletons
  15 killer bees
  12 wights
  2 howler monkeys (D:4)
  A bullfrog skeleton (D:7)
  13 orc priests
  5 hounds
  5 jellies
  3 bullfrog zombies
  17 orc wizards
  5 centaur skeletons
  Jessica (D:3)
  5 iguanas
  11 worker ants
  A hound zombie (D:7)
  10 adders
  2 river rats (Sewer)
  3 white imps
  An ufetubus (D:6)
  An ooze (D:1)
  An adder zombie (D:5)
  A worm (D:3)
  9 leopard geckos
  75 orcs
  A bat (D:3)
  3 giant cockroaches
  2 goblins
  2 hobgoblins
  6 jackals
  4 quokkas
  3 ball pythons
  11 frilled lizards
  17 kobolds
  A quokka skeleton (D:9)
  11 rats
  2 rat zombies (D:5)
  A spectral orc (D:5)
429 creatures vanquished.

Vanquished Creatures (others)
  An ogre (Orc:2)
  2 kobolds (D:13)
  9 plants (D:2)
12 creatures vanquished.

Grand Total: 441 creatures vanquished

Notes
Turn   | Place    | Note
-------+----------+-------------------------------------------
     0 | D:1      | Lanoc the Gnoll Ice Elementalist began the quest for the
                  | Orb.
     0 | D:1      | Reached XP level 1. HP: 13/13 MP: 6/6
    37 | D:1      | Reached XP level 2. HP: 15/19 MP: 1/7
   249 | D:3      | Reached XP level 3. HP: 13/25 MP: 3/9
   251 | D:3      | Reached skill level 5 in Spellcasting
   279 | D:3      | Learned a level 3 spell: Frozen Ramparts
   292 | D:3      | Found a shimmering altar of Xom.
   340 | D:3      | Reached skill level 1 in Invocations
   361 | D:3      | Found a glowing drain.
   385 | Sewer    | Entered a sewer
   503 | Sewer    | Reached skill level 1 in Fighting
   503 | Sewer    | Reached skill level 1 in Short Blades
   503 | Sewer    | Reached skill level 1 in Long Blades
   503 | Sewer    | Reached skill level 1 in Axes
   503 | Sewer    | Reached skill level 1 in Maces & Flails
   503 | Sewer    | Reached skill level 1 in Polearms
   503 | Sewer    | Reached skill level 1 in Staves
   503 | Sewer    | Reached skill level 1 in Slings
   503 | Sewer    | Reached skill level 1 in Bows
   503 | Sewer    | Reached skill level 1 in Crossbows
   503 | Sewer    | Reached skill level 1 in Throwing
   503 | Sewer    | Reached skill level 1 in Armour
   503 | Sewer    | Reached skill level 1 in Shields
   503 | Sewer    | Reached skill level 1 in Unarmed Combat
   503 | Sewer    | Reached skill level 1 in Evocations
   511 | Sewer    | Reached XP level 4. HP: 32/32 MP: 4/11
  1048 | Sewer    | Reached skill level 1 in Conjurations
  1048 | Sewer    | Reached skill level 1 in Hexes
  1048 | Sewer    | Reached skill level 1 in Summonings
  1048 | Sewer    | Reached skill level 1 in Necromancy
  1048 | Sewer    | Reached skill level 1 in Translocations
  1048 | Sewer    | Reached skill level 1 in Transmutations
  1048 | Sewer    | Reached skill level 1 in Fire Magic
  1048 | Sewer    | Reached skill level 1 in Air Magic
  1048 | Sewer    | Reached skill level 1 in Earth Magic
  1048 | Sewer    | Reached skill level 1 in Poison Magic
  1133 | D:3      | Reached XP level 5. HP: 37/37 MP: 8/12
  1323 | D:3      | Noticed Jessica
  1331 | D:3      | Killed Jessica
  1834 | D:4      | Reached XP level 6. HP: 36/44 MP: 13/13
  1910 | D:4      | Found Ttan's Tempting Trifles.
  2028 | D:4      | Found a transporter.
  2074 | D:4      | Reached skill level 5 in Dodging
  2304 | D:4      | Found a transporter.
  2304 | D:4      | Noticed Tenar's ghost (amateur FeFi)
  2304 | D:4      | Noticed an orc warrior
  2653 | D:4      | Got an ancient golden ring
  2682 | D:4      | Found a radiant altar of Vehumet.
  2683 | D:4      | Identified the ring of Gameodo {rElec Int+6} (You found it
                  | on level 4 of the Dungeon)
  2854 | D:4      | Found a glowing golden altar of the Shining One.
  3116 | D:4      | Found a sacrificial altar of Ru.
  3137 | D:4      | Reached XP level 7. HP: 50/50 MP: 11/15
  3244 | D:4      | Killed Tenar's ghost
  3285 | D:4      | Reached skill level 5 in Stealth
  3317 | D:5      | Entered Level 5 of the Dungeon
  3703 | D:5      | Found a basalt altar of Yredelemnul.
  3766 | D:5      | Found a sparkling altar of Nemelex Xobeh.
  3906 | D:5      | Found a glowing silver altar of Zin.
  3983 | D:5      | Reached XP level 8. HP: 56/57 MP: 12/16
  4107 | D:5      | Found an ancient bone altar of Kikubaaqudgha.
  4373 | D:6      | Found a white marble altar of Elyvilon.
  4668 | D:6      | Found a staircase to the Ecumenical Temple.
  4682 | Temple   | Entered the Ecumenical Temple
  4908 | Temple   | Became a worshipper of Qazlal Stormbringer
  5369 | D:6      | Found an iron altar of Okawaru.
  5378 | D:6      | Got a warped ring mail
  5388 | D:6      | Identified the cursed +1 ring mail of the Forest {Harm
                  | rElec} (You found it on level 6 of the Dungeon)
  5527 | D:6      | Reached XP level 9. HP: 56/65 MP: 14/18
  5797 | D:6      | Found Geoplik's Magic Scroll Emporium.
  6196 | D:7      | Reached * piety under Qazlal
  6758 | D:7      | Reached skill level 5 in Invocations
  6795 | D:7      | Learned a level 3 spell: Mephitic Cloud
  7373 | D:7      | Reached XP level 10. HP: 73/73 MP: 16/20
  7501 | D:7      | Reached ** piety under Qazlal
  7699 | D:8      | Reached skill level 5 in Fighting
  7699 | D:8      | Reached skill level 5 in Short Blades
  7699 | D:8      | Reached skill level 5 in Long Blades
  7699 | D:8      | Reached skill level 5 in Axes
  7699 | D:8      | Reached skill level 5 in Maces & Flails
  7699 | D:8      | Reached skill level 5 in Polearms
  7699 | D:8      | Reached skill level 5 in Staves
  7699 | D:8      | Reached skill level 5 in Slings
  7699 | D:8      | Reached skill level 5 in Bows
  7699 | D:8      | Reached skill level 5 in Crossbows
  7699 | D:8      | Reached skill level 5 in Throwing
  7699 | D:8      | Reached skill level 5 in Armour
  7699 | D:8      | Reached skill level 5 in Shields
  7699 | D:8      | Reached skill level 5 in Unarmed Combat
  7699 | D:8      | Reached skill level 5 in Evocations
  8233 | D:9      | Found a burning altar of Makhleb.
  8233 | D:9      | Noticed Joseph
  8244 | D:9      | Killed Joseph
  8362 | D:9      | Noticed a two-headed ogre
  9221 | D:9      | Noticed a manticore
  9230 | D:9      | Killed a manticore
  9524 | D:9      | Noticed Grum
  9530 | D:9      | Killed Grum
  9540 | D:9      | Noticed Prince Ribbit
  9548 | D:9      | Killed Prince Ribbit
  9951 | D:9      | Reached XP level 11. HP: 25/81 MP: 18/22
 10259 | D:9      | Reached *** piety under Qazlal
 10511 | D:9      | Killed a two-headed ogre
 10511 | D:9      | Reached skill level 5 in Conjurations
 10511 | D:9      | Reached skill level 5 in Hexes
 10511 | D:9      | Reached skill level 5 in Summonings
 10511 | D:9      | Reached skill level 5 in Necromancy
 10511 | D:9      | Reached skill level 5 in Translocations
 10511 | D:9      | Reached skill level 5 in Transmutations
 10511 | D:9      | Reached skill level 5 in Fire Magic
 10511 | D:9      | Reached skill level 5 in Air Magic
 10511 | D:9      | Reached skill level 5 in Earth Magic
 10511 | D:9      | Reached skill level 5 in Poison Magic
 10754 | D:10     | Entered Level 10 of the Dungeon
 12012 | D:11     | Noticed Fannar
 12075 | D:11     | Noticed Josephine
 12089 | D:11     | Killed Josephine
 12092 | D:11     | Reached **** piety under Qazlal
 12701 | D:11     | Noticed Psyche
 12715 | D:11     | Reached XP level 12. HP: 33/89 MP: 21/24
 12905 | D:11     | Noticed Erolcha
 12913 | D:11     | Killed Erolcha
 13159 | D:11     | Killed Psyche
 13668 | D:12     | Noticed a centaur warrior
 13685 | D:12     | Killed a centaur warrior
 13940 | D:12     | Noticed Jorgrun
 13940 | D:12     | Noticed a two-headed ogre
 13950 | D:12     | Killed a two-headed ogre
 13954 | D:12     | Killed Jorgrun
 15028 | D:12     | Noticed a two-headed ogre
 15054 | D:12     | Killed a two-headed ogre
 15526 | D:12     | Found a staircase to the Orcish Mines.
 15756 | D:12     | Learned a level 5 spell: Lee's Rapid Deconstruction
 16173 | D:13     | Reached XP level 13. HP: 98/98 MP: 23/26
 16632 | D:13     | Reached ***** piety under Qazlal
 16681 | D:13     | Noticed a fire dragon
 17029 | D:13     | Killed a fire dragon
 17413 | D:13     | Noticed a juggernaut
 17421 | D:13     | Noticed an iron giant
 17421 | D:13     | a juggernaut changed into an iron giant
 17430 | D:13     | Noticed a caustic shrike
 17431 | D:13     | Noticed a shadow dragon
 17431 | D:13     | a caustic shrike changed into a shadow dragon
 17507 | D:14     | Noticed Azrael
 17527 | D:14     | Reached skill level 10 in Ice Magic
 17634 | D:14     | Killed Azrael
 18401 | D:14     | Reached skill level 10 in Spellcasting
 18941 | D:14     | Got a dull robe
 18952 | D:14     | Identified the +4 robe of Obyhojew {rPois Int+6 Dex+6} (You
                  | found it on level 14 of the Dungeon)
 19063 | D:14     | Found a blossoming altar of Fedhas.
 19172 | D:15     | Entered Level 15 of the Dungeon
 19210 | D:15     | Found a staircase to the Depths.
 19274 | D:13     | Noticed a stone giant
 19287 | D:13     | Noticed a sphinx
 19287 | D:13     | a stone giant changed into a sphinx
 19290 | D:13     | Noticed a shadow dragon
 19290 | D:13     | a sphinx changed into a shadow dragon
 19291 | D:13     | Noticed a quicksilver dragon
 19291 | D:13     | a shadow dragon changed into a quicksilver dragon
 19295 | D:13     | Noticed a fire giant
 19295 | D:13     | a quicksilver dragon changed into a fire giant
 19297 | D:13     | a fire giant changed into an iron troll
 19298 | D:13     | Noticed a fire giant
 19298 | D:13     | an iron troll changed into a fire giant
 19324 | Orc:1    | Entered Level 1 of the Orcish Mines
 19599 | Orc:2    | Entered Level 2 of the Orcish Mines
 19637 | Orc:2    | Reached XP level 14. HP: 52/106 MP: 23/28
 19916 | Orc:1    | Learned a level 4 spell: Hailstorm
 19921 | Orc:2    | Shot with a bolt by an orc warrior

Illustrated notes

Levels and vault maps discovered:
D:1:      minmay_arrival_glassed_features, layout_basic,
          grunt_decor_mini_mirrors, palyth_stone_intersect
D:2:      layout_basic, minmay_lizard_king
D:3:      layout_basic, gup_sewer_entry_pipe, xom_teletrap_fun, uniq_jessica
D:4:      layout_basic, lemuel_crystal_altar, fiery_altar_vehumet,
          kennysheep_mini, gammafunk_ghost_arena, nicolae_alphabet_shops
D:5:      layout_cave_pools, lemuel_zombie_altar_kikubaaqudgha,
          yredelemnul_forgotten_temple_becter,
          nemelex_xobeh_ov_fountains_minmay, zin_treasury, grunt_ministairs_15,
          grunt_decor_one_mirror
D:6:      layout_basic, elyvilon_altar_5, minmay_temple_entry_butterflies,
          serial_shops, kennysheep_little_box, basic_altar
D:7:      layout_loops_corners
D:8:      layout_loops_corners
D:9:      layout_basic, lightli_temple_of_fire, uniq_prince_ribbit1, uniq_grum,
          uniq_joseph
D:10:     layout_basic
D:11:     layout_irregular_city, erik_lair_dragon, hangedman_decor_peaks_small,
          uniq_psyche, uniq_fannar, uniq_josephine, uniq_erolcha
D:12:     layout_stronghold, erik_orc_4, minmay_misc_feat_chi,
          minmay_diced_spiral, uniq_jorgrun
D:13:     layout_loops_ring, david_vaults_4, basic_altar, serial_park_tiny_1,
          kennysheep_generic_room_14
D:14:     layout_cave_pods, basic_altar, uniq_azrael
D:15:     gammafunk_depths_entry_grave, layout_loops_ring,
          chequers_serial_rivers_micro_b
Temple:   oiseaux_autumnal_temple
Orc:1:    layout_caves
Orc:2:    st_orc_rangers, layout_caves, serial_shops, shop

Skill      XL: |  1  2  3  4  5  6  7  8  9 10 11 12 13 |
---------------+----------------------------------------+-----
Spellcasting   | 5 6 7 8 9 10 | 10.1
Invocations    | 1 2 3 4 5 6 7 8 9 |  9.6
Fighting       | 1 2 3 4 5 6 7 8 |  8.8
Short Blades   | 1 2 3 4 5 6 7 8 |  8.8
Long Blades    | 1 2 3 4 5 6 7 8 |  8.8
Axes           | 1 2 3 4 5 6 7 8 |  8.8
Maces & Flails | 1 2 3 4 5 6 7 8 |  8.8
Polearms       | 1 2 3 4 5 6 7 8 |  8.8
Staves         | 1 2 3 4 5 6 7 8 |  8.8
Slings         | 1 2 3 4 5 6 7 8 |  8.8
Bows           | 1 2 3 4 5 6 7 8 |  8.8
Crossbows      | 1 2 3 4 5 6 7 8 |  8.8
Throwing       | 1 2 3 4 5 6 7 8 |  8.8
Armour         | 1 2 3 4 5 6 7 8 |  8.8
Shields        | 1 2 3 4 5 6 7 8 |  8.8
Unarmed Combat | 1 2 3 4 5 6 7 8 |  8.8
Evocations     | 1 2 3 4 5 6 7 8 |  8.8
Conjurations   | 1 2 3 4 5 6 7 |  7.3
Hexes          | 1 2 3 4 5 6 7 |  7.3
Summonings     | 1 2 3 4 5 6 7 |  7.3
Necromancy     | 1 2 3 4 5 6 7 |  7.3
Translocations | 1 2 3 4 5 6 7 |  7.3
Transmutations | 1 2 3 4 5 6 7 |  7.3
Fire Magic     | 1 2 3 4 5 6 7 |  7.3
Air Magic      | 1 2 3 4 5 6 7 |  7.3
Earth Magic    | 1 2 3 4 5 6 7 |  7.3
Poison Magic   | 1 2 3 4 5 6 7 |  7.3
Dodging        | 5 6 7 8 9 |  9.9
Stealth        | 5 6 7 8 9 |  9.7
Ice Magic      | 8 9 10 | 10.2

Action                   |  1- 3 |  4- 6 |  7- 9 | 10-12 | 13-15 || total
-------------------------+-------+-------+-------+-------+-------++-------
Melee: Unarmed           |     8 |    61 |    24 |       |       ||    93
       Bite              |     1 |     9 |    16 |    58 |    18 ||   102
       Staff             |       |       |   109 |   399 |   180 ||   688
       Punch             |       |       |     2 |    15 |       ||    17
 Cast: Freeze            |    19 |     7 |     5 |       |       ||    31
       Frozen Ramparts   |     6 |    31 |    41 |   105 |    54 ||   237
       Hailstorm         |       |       |       |       |     1 ||     1
  Use: Scroll            |     4 |       |     7 |     2 |     7 ||    20
       Potion            |       |     5 |       |     7 |       ||    12
 Stab: Sleeping          |       |     3 |       |       |       ||     3
       Distracted        |       |     2 |     1 |       |       ||     3
Armor: Robe              |     3 |     1 |     4 |    10 |     9 ||    27
       Ring mail         |       |       |    15 |    42 |       ||    57
Dodge: Dodged            |    14 |    63 |   112 |   231 |   103 ||   523
       Repelled          |       |       |       |     2 |     4 ||     6
Block: Other             |       |       |     2 |    61 |       ||    63
       Kite shield       |       |       |       |    20 |   200 ||   220

Table legend: (Time is in decaauts)
 A = Elapsed time spent in this place.
 B = Non-inter-level travel time spent in this place.
 C = Inter-level travel time spent in this place.
 D = Time resting spent in this place.
 E = Time spent auto-exploring this place.
 F = Levels seen in this place.
 G = Mean time per level.
                   A        B        C        D        E       F      G
               +--------+--------+--------+--------+--------+-----+--------+
         Total |  19865 |  19357 |    508 |   1630 |  13926 |  19 | 1045.5 |
       Dungeon |  18298 |  17834 |    464 |   1387 |  12821 |  15 | 1219.9 |
        Temple |    254 |    224 |     30 |      0 |    221 |   1 |  254.0 |
  Orcish Mines |    590 |    576 |     14 |    243 |    249 |   2 |  295.0 |
         Sewer |    721 |    721 |      0 |      0 |    634 |   1 |  721.0 |
               +--------+--------+--------+--------+--------+-----+--------+

Top non-repeatable levels by time:
     D:9: 2346 daAuts
    D:12: 2016 daAuts
    D:14: 1783 daAuts
     D:4: 1775 daAuts
    D:11: 1674 daAuts
     D:6: 1614 daAuts
     D:7: 1532 daAuts
    D:13: 1330 daAuts
     D:8: 1273 daAuts
    D:10: 1201 daAuts
     D:3: 869 daAuts
   Sewer: 721 daAuts
     D:5: 633 daAuts
   Orc:1: 524 daAuts
  Temple: 254 daAuts
